 Dungeon Crawl Stone Soup version 0.17-a0-1805-g6093636 (webtiles) character file.

232 TruthSerum the Skirmisher (level 6, -12/34 HPs)
             Began as a Vine Stalker Chaos Knight on Sept 13, 2015.
             Mangled by an ogre
             ... wielding a +0 giant spiked club
              (20 damage)
             ... on level 5 of the Dungeon.
             The game lasted 00:13:54 (2765 turns).

TruthSerum the Skirmisher (VSCK)                    Turns: 2765, Time: 00:13:55

Health: -12/34     AC:  5    Str: 13    XL:     6   Next: 4%
Magic:  0/7        EV: 11    Int: 12    God:    Xom [*.....]
Gold:   135        SH:  0    Dex: 15    Spells: 0 memorised, 5 levels left

rFire  . . .     SeeInvis .     a - +1 falchion (chaos)
rCold  . . .     Clarity  .     b - +2 leather armour
rNeg   . . .     SustAt   .     (no shield)
rPois  .         Gourm    .     (helmet restricted)
rElec  .         Spirit   +     (no cloak)
rCorr  .         Warding  .     (no gloves)
rMut   .         Stasis   .     (no boots)
MR     +....                    (no amulet)
Stlth  +.........               d - ring of protection from magic
                                p - +2 ring of dexterity

@: somewhat resistant to hostile enchantments, very unstealthy
A: antennae 1, fangs 2, hooves 1, clumsy 1, regeneration 2, weak 1, magic
shield, antimagic bite, no device heal 3, rot immunity, MP-powered wands
a: Renounce Religion


You were on level 5 of the Dungeon.
You worshipped Xom.
You were a special plaything of Xom.
You were hungry.

You visited 1 branch of the dungeon, and saw 5 of its levels.

You collected 135 gold pieces.

Inventory:

Hand weapons
 a - a +1 falchion of chaos (weapon)
Missiles
 k - 2 tomahawks (quivered)
Armour
 b - a +2 leather armour (worn)
Jewellery
 d - a ring of protection from magic (right hand)
 p - a +2 ring of dexterity (left hand)
Magical devices
 e - a wand of frost (16)
Scrolls
 f - a scroll of teleportation
 n - a scroll of remove curse
 q - 3 scrolls of identify
 s - 2 scrolls of fog
Potions
 g - 3 potions of curing
 i - a potion of flight
 j - a potion of invisibility
 t - 2 potions of haste
 u - 2 potions of brilliance
Comestibles
 c - 5 bread rations
 h - 2 meat rations
 m - 2 beef jerkies
 o - a slice of pizza
 r - 4 fruits


   Skills:
 + Level 4.6 Fighting
 + Level 4.5 Long Blades
 - Level 1.5 Armour
 - Level 0.7 Dodging


You had 5 spell levels left.
You didn't know any spells.

Dungeon Overview and Level Annotations

Branches:
Dungeon (5/15)             Temple (0/1) D:4

Altars:
Cheibriados
Fedhas
Xom


Innate Abilities, Weirdness & Mutations

You have extremely sharp teeth.
You heal very quickly.
When hurt, damage is shared between your health and your magic reserves.
Your bite disrupts and absorbs the magic of your enemies.
Potions and wands cannot restore your health.
You are immune to rotting.
You have a pair of small antennae on your head.
You have large cloven feet.
You are clumsy. (Dex -2)
You are weak. (Str -2)
You expend magic power (3 MP) to strengthen your wands.


Message History

You hit the orc. You kick the orc, but do no damage.
The orc is heavily wounded.
The orc hits you with a mace.
You hit the orc. You burn the orc.
You kill the orc!
You hit the ogre. You bite the ogre. You drain its power.
You feel invigorated.
The ogre is lightly wounded.
The ogre hits you with a giant spiked club!!
Ouch! That really hurt!
* * * LOW HITPOINT WARNING * * *
You barely miss the ogre. You kick the ogre, but do no damage.
You bite the ogre. You drain its power.
You feel invigorated.
The ogre is moderately wounded.
Your leather armour prevents you from hitting the ogre.
You bite the ogre. You drain its power.
You feel invigorated.
The ogre is heavily wounded.
The ogre hits you with a giant spiked club!!
Ouch! That really hurt!
You die...
Xom guffaws!

.....##.## #.#
###......# #.##.#
###.####.# #.##.# .##.#
#.# #.##.# .##.## #.#
#.##.#
.....###.####....#
..........##..##.## ##
.##.....#.....#...#...##
###.##....#.##..@O......
#.##.#.##.##....#...##
#.##...........## ...
#.............## #
#######.####### #.# #.#


You could see an ogre.

Vanquished Creatures
  A giant frog skeleton (D:5)
  A hound (D:2)
  An iguana (D:4)
  A worker ant (D:4)
  7 adders
  A shadow imp (D:4)
  An ooze (D:1)
  2 worms (D:2)
  A giant gecko (D:4)
  2 orcs
  A ball python (D:4)
  5 goblins
  8 hobgoblins
  A quokka (D:3)
  A ball python zombie (D:5)
  9 bats
  3 giant cockroaches
  5 giant newts
  3 kobolds (D:2)
  6 rats
60 creatures vanquished.

Notes
Turn   | Place    | Note
--------------------------------------------------------------
     0 | D:1      | TruthSerum the Vine Stalker Chaos Knight began the quest for the Orb.
     0 | D:1      | Reached XP level 1. HP: 11/11 MP: 2/2
   131 | D:1      | Reached skill level 3 in Long Blades
   131 | D:1      | Reached XP level 2. HP: 2/16 MP: 1/3
   137 | D:1      | XOM: silly message
   153 | D:1      | XOM: divination: detect items
   338 | D:1      | XOM: harmless Erth miscast
   340 | D:1      | XOM: potion effect (invisibility)
   348 | D:1      | Reached XP level 3. HP: 16/20 MP: 4/4
   554 | D:1      | XOM: cast spell 'Ice Form'
  1093 | D:2      | Reached XP level 4. HP: 24/24 MP: 5/5
  1153 | D:2      | XOM: summons 3 friendly demons
  1229 | D:2      | Found a blossoming altar of Fedhas.
  1267 | D:2      | XOM: give mutations
  1267 | D:2      | Gained mutation: You are agile. (Dex +2) [Xom's grace]
  1267 | D:2      | Gained mutation: You can translocate small distances at will. [Xom's grace]
  1267 | D:2      | Gained mutation: You have a pair of small antennae on your head. [Xom's grace]
  1342 | D:2      | XOM: silly message
  1374 | D:2      | Found a shimmering altar of Xom.
  1383 | D:2      | XOM: give mutations
  1383 | D:2      | Lost mutation: You are agile. (Dex +2) [Xom's mischief]
  1383 | D:2      | Gained mutation: You are clumsy. (Dex -2) [Xom's mischief]
  1577 | D:3      | Found a snail-covered altar of Cheibriados.
  1683 | D:3      | Reached skill level 4 in Long Blades
  1819 | D:3      | XOM: vitrification
  1885 | D:3      | Reached XP level 5. HP: 22/29 MP: 4/6
  2046 | D:3      | XOM: noise
  2181 | D:4      | XOM: give mutations
  2181 | D:4      | Gained mutation: You have large cloven feet. [Xom's mischief]
  2181 | D:4      | Gained mutation: You are weak. (Str -2) [Xom's mischief]
  2181 | D:4      | Lost mutation: You can translocate small distances at will. [Xom's mischief]
  2181 | D:4      | Gained mutation: You expend magic power (3 MP) to strengthen your wands. [Xom's mischief]
  2190 | D:4      | Found a staircase to the Ecumenical Temple.
  2234 | D:4      | XOM: 2-stop teleportation journey
  2393 | D:4      | XOM: confuse monster(s)
  2478 | D:4      | XOM: butterfly on damage
  2647 | D:4      | XOM: mild Summ miscast
  2708 | D:5      | Entered Level 5 of the Dungeon
  2753 | D:5      | Gained mutation: You heal very quickly. [Vine Stalker growth]
  2753 | D:5      | Reached XP level 6. HP: 26/34 MP: 7/7
  2758 | D:5      | Noticed an ogre
  2765 | D:5      | Mangled by an ogre

Vault maps used:
D:1:      dpeg_arrival_line_fractal, serial_bayou_lagoon_b
D:2:      fedhas_altar_2, lemuel_coloured_pillars_altar
D:3:      cheibriados_altar_1
D:4:      minmay_temple_entry_statues_fountains
D:5:      kennysheep_kobold_camp, first_bread

Action                   |  1- 3 |  4- 6 || total
-------------------------+-------+-------++-------
Melee: Falchion          |    82 |   105 ||   187
  Use: Scroll            |     5 |    10 ||    15
 Stab: Invisible         |     4 |       ||     4
  Eat: Chunk             |     1 |     5 ||     6
